[Event "Early-Titled-Tuesday-Blitz-March-26-2024"]
[Site "Chess.com"]
[Date "2024.03.26"]
[Round "8"]
[White "mbojan"]
[Black "ChristianArca"]
[Result "1-0"]
[WhiteElo "2896"]
[BlackElo "2689"]
[TimeControl "180+1"]
[EndTime "9:23:57 PDT"]
[Termination "mbojan won by resignation"]

1. e4 c6 2. Bc4 d5 3. Bb3 dxe4 4. Qh5 g6 5. Qh4 Nf6 6. Nc3 Nbd7 7. f3 exf3 8. Nxf3 Nc5 9. Bxf7+ Kxf7 10. Qc4+ e6 11. O-O Kg7 12. b4 b5 13. Qh4 Ncd7 14. Bb2 e5 15. Ng5 Nb6 16. Nce4 Be7 17. Bxe5 Nd5 18. Rxf6 Nxf6 19. Rf1 a5 20. Nxf6 Bxf6 21. Rxf6 Qxf6 22. Ne6+ Bxe6 23. Qxf6+ Kh6 24. Bf4+ 1-0

[Event "Early-Titled-Tuesday-Blitz-March-26-2024"]
[Site "Chess.com"]
[Date "2024.03.26"]
[Round "8"]
[White "ArturoCaceres"]
[Black "gorgeous1083"]
[Result "1-0"]
[WhiteElo "2434"]
[BlackElo "2051"]
[TimeControl "180+1"]
[EndTime "9:23:58 PDT"]
[Termination "ArturoCaceres won by resignation"]

1. d4 Nf6 2. Nf3 e6 3. Bg5 d5 4. e3 Be7 5. Bd3 O-O 6. Ne5 c5 7. c3 Nc6 8. f4 h6 9. Bh4 cxd4 10. exd4 Nd7 11. Bxe7 Nxe7 12. O-O a5 13. a4 Nf6 14.
Nd2 Nf5 15. Qe1 Re8 16. Rf3 Bd7 17. g4 Nd6 18. g5 hxg5 19. fxg5 Nh7 20. Bxh7+ Kxh7 21.
Qh4+ Kg8 22. Rh3 Kf8 23. Qh8+ Ke7 24. Qxg7 Rg8 25. Ng6+ 1-0

[Event "Early-Titled-Tuesday-Blitz-March-26-2024"]
[Site "Chess.com"]
[Date "2024.03.26"]
[Round "8"]
[White "CarlosjPineror"]
[Black "yaguigor"]
[Result "1/2-1/2"]
[WhiteElo "2748"]
[BlackElo "2584"]
[TimeControl "180+1"]
[EndTime "9:23:59 PDT"]
[Termination "Game drawn by agreement"]

1. e4 c5 2. Nf3 Nc6 3. g3 g6 4. Bg2 Bg7 5. O-O d6 6. h3 e5 7. Nc3 Nge7 8. d3 O-O 9. Nd2 Be6 10. Nc4 Qd7 11. Kh2 f5 12. Bg5 fxe4 13. Bxe7 Nxe7 14. Nxe4 Nf5 15. Ng5 d5 16. Ne3 Nxe3 17. fxe3 Rxf1 18. Qxf1 Rd8 19. Nxe6 Qxe6 20. e4 d4 21. Qe2 h5 22.
h4 Rf8 23. b3 Bh6 24. Rf1 Rf6 25. Bh3 Qf7 26. Kg2 Rxf1 27. Qxf1 Qxf1+ 28. Kxf1 Kf7 29. a4 b6 30. Ke2 Kf6 31. Kf3 Bd2 32. Bd7 Be1 33.
Be8 Kg7 34. Kg2 Kf6 35. Kh3 Kg7 36. g4 hxg4+ 37. Kxg4 Kf6 38. h5 gxh5+ 39. Bxh5 Bd2 40. Be8 Bc1 41. Bc6 Bd2 42. Bd5 Bc1 43. Kf3 Bh6 44. Ke2 Bf4 45. Kf3 Bc1 46. Kg4 Bd2 47. Kh5 Bc1 1/2-1/2

[Event "Early-Titled-Tuesday-Blitz-March-26-2024"]
[Site "Chess.com"]
[Date "2024.03.26"]
[Round "8"]
[White "EternalNight8"]
[Black "Shuvalov"]
[Result "1-0"]
[WhiteElo "2482"]
[BlackElo "2593"]
[TimeControl "180+1"]
[EndTime "9:23:59 PDT"]
[Termination "EternalNight8 won by resignation"]

1. d4 Nf6 2. Bg5 d5 3. e3 c5 4. Bxf6 gxf6 5. dxc5 Qa5+ 6. Nc3 e6 7. a3 Qxc5 8. Nf3 Nc6 9. Qd2 a6 10. b4 Qe7 11.
Na4 Qc7 12. Rd1 Bg7 13. Nc5 b6 14. Nxa6 Bxa6 15. b5 Bb7 16. bxc6 Bxc6 17. Qb4 Bf8 18. Qc3 Be7 19. Nd4 Rc8 20. Nxc6 Qxc6 21. Qxc6+ Rxc6 22. Bb5 Kd7 23. c4 Kc7 24. Bxc6 Kxc6 25. cxd5+ exd5 26. a4 Bb4+ 27. Ke2 Ra8 28. Rc1+ Bc5 29. Ra1 f5 30. Rhd1 Re8 31. Kf3 Re4 32. a5 bxa5 33. Rxa5 Rc4 34. Ra8 Rc2 35. g3 Rc3 36. Kg2 Rc2 37. Kf3 Rc3 38. Kf4 Rc2 39. f3 Rc3 40. Kxf5 Bxe3 41. Rc8+ 1-0

[Event "Early-Titled-Tuesday-Blitz-March-26-2024"]
[Site "Chess.com"]
[Date "2024.03.26"]
[Round "8"]
[White "FranklinAPalomo"]
[Black "PawnEatingZombie"]
[Result "1-0"]
[WhiteElo "2640"]
[BlackElo "2184"]
[TimeControl "180+1"]
[EndTime "9:24:00 PDT"]
[Termination "FranklinAPalomo won by resignation"]

1. Nf3 d6 2. c4 e5 3. Nc3 f5 4.
d3 Nf6 5. g3 Be7 6. Bg2 O-O 7.
O-O Nc6 8. Bg5 Qe8 9. Bxf6 Bxf6 10. Rb1 a5 11. e3 Bd8 12. Nd2 f4 13. exf4 exf4 14.
Nd5 Nd4 15. Re1 Qg6 16. Nb3 f3 17. Nxd4 fxg2 18. Qe2 c6 19. Nf4 Qh6 20. Nde6 Bxe6 21. Qxe6+ Qxe6 22. Nxe6 Re8 23. Kxg2 Bf6 24. b3 Kf7 25. Nf4 a4 26. Rxe8 Kxe8 27. bxa4 Rxa4 28. Rxb7 Rxa2 29. Kf3 Bd4 30. Ne2 Bf6 31. Ke3 Kd8 32.
h4 Kc8 33. Rf7 h6 34. Nd4 d5 35. Nxc6 dxc4 36. dxc4 Rc2 37. Ne7+ Kd8 38. Nd5 Bb2 39. Kd3 Rc1 40. f4 Rg1 41. c5 Rxg3+ 42. Ke4 Ba3 43.
c6 Bd6 44. Rd7+ 1-0

[Event "Early-Titled-Tuesday-Blitz-March-26-2024"]
[Site "Chess.com"]
[Date "2024.03.26"]
[Round "8"]
[White "Viktor_Poddubnyi"]
[Black "Hope_6"]
[Result "0-1"]
[WhiteElo "2320"]
[BlackElo "2663"]
[TimeControl "180+1"]
[EndTime "9:24:04 PDT"]
[Termination "Hope_6 won by resignation"]

1. e4 c6 2. d4 d5 3. exd5 cxd5 4. c4 Nf6 5. Nc3 e6 6. Nf3 Bb4 7. Bd3 dxc4 8. Bxc4 Nc6 9. O-O O-O 10. Bg5 h6 11.
Bh4 Be7 12. Re1 Na5 13. Bd3 b6 14. Qe2 Bb7 15. Rad1 Nd5 16. Bg3 Rc8 17. Ne4 f5 18. Nc3 Rf6 19. Be5 Rg6 20. g3 Rxc3 21. bxc3 Nxc3 22.
Qe3 Nxd1 23. Rxd1 Qd5 24. Be2 Nc4 25. Rc1 Nxe3 0-1

[Event "Early-Titled-Tuesday-Blitz-March-26-2024"]
[Site "Chess.com"]
[Date "2024.03.26"]
[Round "8"]
[White "KacperKacprzak"]
[Black "stollenmonster"]
[Result "0-1"]
[WhiteElo "2693"]
[BlackElo "2894"]
[TimeControl "180+1"]
[EndTime "9:24:05 PDT"]
[Termination "stollenmonster won by resignation"]

1. e4 c5 2. Nf3 Nf6 3. Nc3 d5 4. exd5 Nxd5 5. Bb5+ Bd7 6. Ne5 e6 7. Nxd7 Nxd7 8. Nxd5 exd5 9. O-O a6 10. Re1+ Be7 11.
Bxd7+ Qxd7 12. Qe2 O-O 13. d3 Rfe8 14. c3 Bf6 15.
Qf1 Rxe1 16. Qxe1 Re8 17. Qf1 Qa4 18. Be3 d4 19. cxd4 Bxd4 20. Bxd4 Qxd4 21. b3 h6 22. h3 Rd8 23. Rc1 b6 24. Rd1 Qb2 25. Qe1 Qxa2 26. Qe7 Rf8 27. b4 Qa4 28. Rb1 Qc2 29. Rf1 cxb4 30. Qxb4 b5 31. d4 Rd8 32. Ra1 Qc6 33. Qa5 Rd6 34. Qa3 Rg6 35. f3 Qc2 36. Qa2 Rxg2+ 37.
Kh1 Qxa2 0-1

[Event "Early-Titled-Tuesday-Blitz-March-26-2024"]
[Site "Chess.com"]
[Date "2024.03.26"]
[Round "8"]
[White "Nechitaylo_Nikita"]
[Black "frequentblunders"]
[Result "1-0"]
[WhiteElo "2379"]
[BlackElo "2186"]
[TimeControl "180+1"]
[EndTime "9:24:11 PDT"]
[Termination "Nechitaylo_Nikita won by resignation"]

1. d4 e6 2. c4 c5 3. d5 Nf6 4. Nc3 d6 5. Nf3 g6 6. e4 exd5 7. cxd5 Bg7 8. Bd3 O-O 9. h3 Re8 10. O-O a6 11. a4 Nbd7 12. Bf4 Ne5 13. Bxe5 dxe5 14. Nd2 Nh5 15. Nc4 Nf4 16. Ne2 Qg5 17.
Ng3 h5 18. Qf3 h4 19. Kh2 hxg3+ 20. fxg3 Nxd3 21. Qxf7+ Kh7 22. Qxe8 b5 23. Nb6 Bxh3 24. Nxa8 Qd2 25. Rg1 Bg4 26. Qe7 1-0

[Event "Early-Titled-Tuesday-Blitz-March-26-2024"]
[Site "Chess.com"]
[Date "2024.03.26"]
[Round "8"]
[White "WindWhistler11"]
[Black "JAN2404"]
[Result "1-0"]
[WhiteElo "2432"]
[BlackElo "1957"]
[TimeControl "180+1"]
[EndTime "9:24:13 PDT"]
[Termination "WindWhistler11 won by resignation"]

1. Nf3 c5 2. g3 g6 3. Bg2 Bg7 4. c4 Nf6 5. O-O O-O 6. d4 cxd4 7. Nxd4 Nc6 8. Nc2 d6 9. Nc3 Be6 10. Ne3 Rc8 11. b3 Qd7 12. Bb2 Bh3 13. Qd2 Bxg2 14.
Kxg2 Qe6 15. Ned5 Nd7 16. Nf4 Qf6 17. Rab1 Nde5 18. Ncd5 Qf5 19. f3 g5 20. Nh5 e6 21.
Ne3 Qg6 22. Nxg7 Kxg7 23. Qxd6 Qf6 24. Ng4 Rfd8 25. Bxe5 Nxe5 26. Qxe5 Qxe5 27. Nxe5 Rd2 28. Rf2 Kf6 29. Ng4+ Kg6 30. e4 f5 1-0

[Event "Early-Titled-Tuesday-Blitz-March-26-2024"]
[Site "Chess.com"]
[Date "2024.03.26"]
[Round "8"]
[White "AccioChess"]
[Black "cthulhuuu"]
[Result "0-1"]
[WhiteElo "2518"]
[BlackElo "2424"]
[TimeControl "180+1"]
[EndTime "9:24:14 PDT"]
[Termination "cthulhuuu won by resignation"]

1. e4 d6 2. d4 Nf6 3. Nc3 c6 4. Nf3 Bg4 5. h3 Bh5 6. Be2 e6 7. O-O d5 8. e5 Nfd7 9. Bf4 c5 10.
Nb5 Nc6 11. c3 a6 12. Nd6+ Bxd6 13. exd6 Bxf3 14. Bxf3 cxd4 15. cxd4 Qb6 16. Re1 O-O 17. Be3 Na5 18. Bf4 Nc4 19. Qb3 Rfd8 20. Rac1 Rac8 21. Rxc4 Rxc4 22. Be5 Qxb3 23. axb3 Rb4 24. Rc1 Rxb3 25.
Rc7 Rxb2 26. Bf4 a5 27. Bg5 f6 28. Bc1 Rb1 29. Kh2 a4 30. Bg4 Kf7 31. Ba3 Rb3 32. Bc1 a3 33. Bd1 a2 0-1

[Event "Early-Titled-Tuesday-Blitz-March-26-2024"]
[Site "Chess.com"]
[Date "2024.03.26"]
[Round "8"]
[White "Aslanov_Umid"]
[Black "Philippians46"]
[Result "0-1"]
[WhiteElo "2615"]
[BlackElo "2987"]
[TimeControl "180+1"]
[EndTime "9:24:15 PDT"]
[Termination "Philippians46 won by checkmate"]

1. e4 c5 2. Nf3 d6 3. d4 cxd4 4. Nxd4 Nf6 5. Nc3 Nc6 6. Bc4 e6 7.
Be3 Be7 8. Qe2 Bd7 9. Bb3 Rc8 10. O-O-O Na5 11. f3 a6 12. g4 b5 13. g5 Nh5 14.
f4 g6 15. f5 Bxg5 16. Bxe6 fxe6 17. fxe6 Bc6 18. Rhg1 Bf4 19. Bxf4 Nxf4 20. Qg4 Qf6 21. e7 Bd7 22. Qf3 b4 23. Nf5 gxf5 24. Qxf4 bxc3 25. Rxd6 cxb2+ 26. Kb1 Qc3 27. Qd2 Qxd2 28. Rxd2 Nc4 29.
Rdg2 fxe4 30. Rg7 e3 31. Re1 Rb8 32. a4 Nd2+ 33. Ka2 Be6+ 34. Ka3 b1=N+ 35. Rxb1 Nxb1# 0-1

[Event "Early-Titled-Tuesday-Blitz-March-26-2024"]
[Site "Chess.com"]
[Date "2024.03.26"]
[Round "8"]
[White "blitzking1729"]
[Black "Angry_Twin"]
[Result "0-1"]
[WhiteElo "2762"]
[BlackElo "2918"]
[TimeControl "180+1"]
[EndTime "9:24:16 PDT"]
[Termination "Angry_Twin won by resignation"]

1. d4 Nf6 2. c4 e6 3. g3 d5 4. Bg2 Bb4+ 5. Nd2 O-O 6. Nf3 b6 7. O-O Bb7 8. a3 Be7 9. cxd5 exd5 10. b4 c6 11. Bb2 a5 12. bxa5 Rxa5 13. a4 Nbd7 14. Ne5 Bd6 15. Qc2 Qc7 16. f4 Rfa8 17. e4 c5 18. Rfc1 dxe4 19. Nxe4 Nxe4 20. Bxe4 Bxe4 21. Qxe4 Nf6 22. Qf3 h6 23. Nc4 Rxa4 24. Qxa8+ Rxa8 25. Rxa8+ Kh7 26. Raa1 Bf8 27. Ne5 Qb7 28.
Re1 Qd5 29. Rad1 Qb3 30. Rd2 c4 31. Rde2 Bb4 32. Rf1 c3 33. Bc1 Qd5 34. Be3 b5 35.
Nd3 Bd6 36. Ne5 b4 37. Rc1 Qb5 38. Ree1 Bxe5 39. dxe5 Nd5 40. Bf2 b3 41. f5 b2 42.
e6 bxc1=Q 0-1

[Event "Early-Titled-Tuesday-Blitz-March-26-2024"]
[Site "Chess.com"]
[Date "2024.03.26"]
[Round "8"]
[White "KNVB"]
[Black "Revan_2002"]
[Result "0-1"]
[WhiteElo "2757"]
[BlackElo "2605"]
[TimeControl "180+1"]
[EndTime "9:24:19 PDT"]
[Termination "Revan_2002 won on time"]

1. e4 e5 2. Nf3 Nc6 3. Nc3 Nf6 4. Nd5 Bc5 5. c3 O-O 6. d4 exd4 7. cxd4 Nxd5 8.
dxc5 Nf6 9. Bd3 Re8 10. O-O d6 11. Bg5 h6 12. Bh4 Bg4 13. cxd6 Qxd6 14. Bg3 Qd7 15. Bb5 Qe6 16. Bxc6 Qxc6 17. Rc1 Qxe4 18. Rxc7 Rad8 19. Qb3 Nd5 20. Rxb7 a5 21. h3 a4 0-1

[Event "Early-Titled-Tuesday-Blitz-March-26-2024"]
[Site "Chess.com"]
[Date "2024.03.26"]
[Round "8"]
[White "rhwr"]
[Black "yonaltimur"]
[Result "0-1"]
[WhiteElo "2316"]
[BlackElo "2407"]
[TimeControl "180+1"]
[EndTime "9:24:19 PDT"]
[Termination "yonaltimur won on time"]

1. e4 c5 2. Nf3 d6 3. d4 cxd4 4. Nxd4 Nf6 5. Nc3 a6 6. Be2 e5 7. Nb3 Be6 8. O-O Be7 9. Be3 Nbd7 10. a4 O-O 11. h3 Rc8 12. Kh1 Nb6 13. f4 Nc4 14. Bc1 Nb6 15. f5 Bc4 16. a5 Nbd7 17.
g4 h6 18. g5 hxg5 19. Bxg5 Nh7 20. Be3 Bg5 21. Bf2 Ndf6 22. Rg1 Bf4 23. Bh4 Qc7 24.
Bf3 Rfe8 25. Nd2 d5 26. Nxc4 dxc4 27. Qe2 Rcd8 28. Qg2 Bh6 29. Rad1 Qxa5 30. Be2 Rxd1 31. Rxd1 Qb6 32. Rg1 Qxb2 33. Nd5 Nxd5 34. exd5 Qxc2 35. f6 g6 0-1

[Event "Early-Titled-Tuesday-Blitz-March-26-2024"]
[Site "Chess.com"]
[Date "2024.03.26"]
[Round "8"]
[White "imdvb6307"]
[Black "KVAIDAN"]
[Result "1-0"]
[WhiteElo "2515"]
[BlackElo "2353"]
[TimeControl "180+1"]
[EndTime "9:24:20 PDT"]
[Termination "imdvb6307 won by resignation"]

1. d4 e6 2. Nf3 f5 3. g3 Nf6 4.
Bg2 d6 5. O-O Be7 6. Bf4 O-O 7.
c4 Ne4 8. h4 Nd7 9. Nbd2 Nxd2 10. Qxd2 Bf6 11. Bg5 c6 12. Rad1 h6 13. Bxf6 Qxf6 14.
Rfe1 e5 15. dxe5 dxe5 16. e4 f4 17. gxf4 exf4 18. e5 Qe7 19. Qd6 Qe8 20. c5 Qh5 21.
Qe6+ Kh8 22. Rxd7 Bxd7 23. Qxd7 Rf7 24. Qd6 Re8 25. e6 Rf5 26. Re5 Rxe5 27. Nxe5 Qf5 28.
e7 Qf6 29. Qxf6 gxf6 30. Ng6+ Kg7 31. h5 f5 32. b4 Kf6 33. b5 Kg5 34. bxc6 Kxh5 35.
cxb7 Kxg6 36. c6 Kf7 37. c7 f3 38. Bxf3 Rxe7 39. c8=Q 1-0

[Event "Early-Titled-Tuesday-Blitz-March-26-2024"]
[Site "Chess.com"]
[Date "2024.03.26"]
[Round "8"]
[White "ATM622"]
[Black "profedechess93"]
[Result "1-0"]
[WhiteElo "2522"]
[BlackElo "2643"]
[TimeControl "180+1"]
[EndTime "9:24:21 PDT"]
[Termination "ATM622 won by resignation"]

1. d4 d5 2. c4 c6 3. Nf3 Nf6 4. Nbd2 e6 5. g3 Nbd7 6. Bg2 Bd6 7. O-O O-O 8. Qc2 Re8 9. e4 dxe4 10. Nxe4 Nxe4 11.
Qxe4 Nf6 12. Qc2 c5 13. Rd1 Qe7 14. b3 a6 15. Ba3 Rb8 16. Rac1 Bd7 17. h4 Bc6 18.
Bb2 cxd4 19. Nxd4 Bxg2 20. Kxg2 Red8 21. Nf3 Bc5 22. Ng5 e5 23. Re1 Bd4 24. Bxd4 Rxd4 25. Nf3 Rd6 26. Rxe5 Qd7 27. Rce1 Qc6 28. Qe2 h6 29.
Kg1 Rbd8 30. Re7 Qc5 31. Re5 Qc6 32. c5 Rd3 33. Re3 R3d5 34. b4 a5 35. a3 Qa4 36.
Qb2 axb4 37. axb4 Qc6 38. Ne5 Qb6 39. cxb6 1-0

[Event "Early-Titled-Tuesday-Blitz-March-26-2024"]
[Site "Chess.com"]
[Date "2024.03.26"]
[Round "8"]
[White "balack95"]
[Black "WilsonPalencia21"]
[Result "0-1"]
[WhiteElo "2458"]
[BlackElo "2594"]
[TimeControl "180+1"]
[EndTime "9:24:21 PDT"]
[Termination "WilsonPalencia21 won by resignation"]

1. d4 Nf6 2. c4 c5 3. d5 e6 4. Nc3 exd5 5. cxd5 d6 6. e4 g6 7. Bb5+ Nbd7 8. f4 a6 9. Be2 Bg7 10. Nf3 O-O 11. O-O Re8 12. Qc2 b5 13. Nd2 b4 14.
Nd1 Nxd5 15. Nc4 b3 16. Qxb3 Rb8 17. Qf3 Nb4 18. Nxd6 Nc2 19. Nxe8 Qxe8 20. Rb1 Nd4 21. Qf2 Qxe4 22. Nc3 Qc2 23. Bd1 Qxf2+ 24. Kxf2 Ne6 25. g3 Bxc3 26. Bb3 Bd4+ 27. Be3 Bxe3+ 28. Kxe3 Nb6 29.
Rbc1 Bd7 30. Rfd1 Rc8 31. f5 gxf5 32. Rd6 c4 33. Rxb6 cxb3 34. Rxc8+ Bxc8 35. Rxb3 Kg7 36. Rb8 Bd7 37. Rb6 Bb5 38. b3 h5 39. a4 Bf1 40.
Rxa6 Bxa6 41. b4 Kf6 42. b5 Bxb5 43. axb5 Ke5 44. b6 Nc5 45. Kf3 Nb7 46. Ke3 Nd6 47.
Kf3 f6 48. Ke3 Kd5 49. Kf4 Kc6 50. h3 Kxb6 51. g4 fxg4 52. hxg4 hxg4 53. Kxg4 Kc5 54.
Kf4 Kd5 55. Ke3 Ke5 56. Kf3 f5 57. Ke3 f4+ 58. Kf3 Kf5 59. Kf2 Ke4 60. Kg2 f3+ 61. Kf2 Kf4 62. Kf1 Ke3 63. Kg1 Ne4 64. Kf1 Nd2+ 65.
Kg1 f2+ 66. Kh2 f1=Q 0-1

[Event "Early-Titled-Tuesday-Blitz-March-26-2024"]
[Site "Chess.com"]
[Date "2024.03.26"]
[Round "8"]
[White "AquivaRubinstein"]
[Black "Charodej1"]
[Result "1-0"]
[WhiteElo "2585"]
[BlackElo "2426"]
[TimeControl "180+1"]
[EndTime "9:24:21 PDT"]
[Termination "AquivaRubinstein won by resignation"]

1. d4 e6 2. c4 Bb4+ 3. Nc3 Nf6 4. Qb3 c5 5. dxc5 Na6 6. a3 Bxc5 7. Nf3 O-O 8. Bg5 Be7 9. e3 h6 10. Bh4 Qa5 11. Qb5 Qxb5 12. Nxb5 d5 13. cxd5 g5 14. d6 Bd8 15. Bg3 Ne4 16. b4 f5 17. Be5 Bd7 18. Rc1 Bc6 19. Nc7 Nxc7 20. dxc7 Be7 21.
Bc4 Kf7 22. O-O Rfc8 23. Nd4 Bd5 24. Bxd5 exd5 25. Nxf5 Bf8 26. f3 Nd2 27. Rfd1 Nc4 28. Bg3 Ke6 29. e4 Nb6 30. Nd4+ Kf7 31. e5 1-0

[Event "Early-Titled-Tuesday-Blitz-March-26-2024"]
[Site "Chess.com"]
[Date "2024.03.26"]
[Round "8"]
[White "rcmz"]
[Black "mertfelin"]
[Result "0-1"]
[WhiteElo "2206"]
[BlackElo "2406"]
[TimeControl "180+1"]
[EndTime "9:24:22 PDT"]
[Termination "mertfelin won on time"]

1. b4 e5 2. Bb2 Bxb4 3. Bxe5 Nf6 4. c4 O-O 5. Nf3 d5 6. cxd5 Nxd5 7. e3 c5 8. Be2 Bf5 9. a3 Ba5 10. O-O Bg6 11. d4 Nc6 12. Bg3 cxd4 13. Nxd4 Nxd4 14. Qxd4 Nf6 15. Qb2 Qe7 16. Bf3 Ne4 17. Bxe4 Bxe4 18.
Nd2 Bd3 19. Rfc1 Rac8 20. Nf3 h6 21. Qe5 Qxe5 22. Nxe5 Ba6 23. Rab1 Rfd8 24. Nf3 b6 25. h3 Rd3 26. Rxc8+ Bxc8 27. Ra1 Bd7 28. Ne5 Rd5 29. Nxd7 Rxd7 30. Be5 Rd3 31. Bd4 Kf8 32. Kf1 Rb3 33. Ke2 Bc3 34. Bxc3 Rxc3 35. Kd2 Rb3 36. Kc2 Rb5 37.
Rd1 Ra5 38. Kb3 Ke7 39. Rd4 Rg5 40. g3 Rc5 41. Kb2 Rf5 42. f4 Rh5 43. h4 Rb5+ 44.
Kc2 h5 45. e4 Rc5+ 46. Kb2 g6 47. Ra4 a5 48. Rd4 Rb5+ 49. Kc2 Ke6 50. a4 Rc5+ 51. Kb2 Rc6 0-1

[Event "Early-Titled-Tuesday-Blitz-March-26-2024"]
[Site "Chess.com"]
[Date "2024.03.26"]
[Round "8"]
[White "ploxoi"]
[Black "Nf3c5"]
[Result "1-0"]
[WhiteElo "2436"]
[BlackElo "2531"]
[TimeControl "180+1"]
[EndTime "9:24:23 PDT"]
[Termination "ploxoi won by checkmate"]

1. d4 Nf6 2. c4 g6 3. g3 Bg7 4. Bg2 O-O 5. Nc3 d6 6. Nf3 c6 7. O-O Qa5 8. e4 e5 9. h3 Be6 10. d5 cxd5 11. cxd5 Bd7 12. Ne1 Rc8 13. Nd3 Na6 14. Bd2 Qb6 15. a4 Qd8 16. b4 Ne8 17.
Qb3 Bf6 18. h4 Ng7 19. Rac1 Qf8 20. Be3 Bd8 21. b5 Nc5 22. Bxc5 dxc5 23. Nxe5 Be8 24. Nc4 a6 25. e5 axb5 26. axb5 Nf5 27. Ne2 Qh6 28.
d6 Bd7 29. Bd5 Bxh4 30. gxh4 Qxh4 31. Ne3 Qg5+ 32. Ng2 c4 33. Qf3 Ra2 34. Qf4 Qh5 35. Ng3 Nxg3 36. Qxf7+ Kh8 37. Qf6# 1-0

[Event "Early-Titled-Tuesday-Blitz-March-26-2024"]
[Site "Chess.com"]
[Date "2024.03.26"]
[Round "8"]
[White "Zhigalko_Sergei"]
[Black "InitiatingASC"]
[Result "1-0"]
[WhiteElo "2878"]
[BlackElo "2369"]
[TimeControl "180+1"]
[EndTime "9:24:24 PDT"]
[Termination "Zhigalko_Sergei won on time"]

1. e4 c5 2. Nf3 Nc6 3. c3 Nf6 4. e5 Nd5 5. Bc4 Nb6 6. Bb3 c4 7. Bc2 Qc7 8. Qe2 g6 9. O-O Bg7 10. Re1 O-O 11. Na3 Nd8 12. b3 cxb3 13. axb3 Ne6 14.
Nb5 Qb8 15. d4 a6 16. Na3 d5 17. h4 h5 18. g4 hxg4 19. Nh2 Qc7 20. Bd2 f5 21. exf6 exf6 22. Qxg4 Ng5 23. Qg2 Bh3 24. Qg3 Qxg3+ 25. fxg3 Ne4 26. Bxe4 dxe4 27. Rxe4 Bf5 28. Re7 Rf7 29. Rxf7 Kxf7 30. Nc4 Nxc4 31. bxc4 Bd3 32. c5 Be4 33. Ng4 a5 34. Ne3 a4 35.
Nc4 Ke6 36. Nb6 Ra6 37. Rxa4 Rxa4 38. Nxa4 f5 39. Kf2 1-0

[Event "Early-Titled-Tuesday-Blitz-March-26-2024"]
[Site "Chess.com"]
[Date "2024.03.26"]
[Round "8"]
[White "Kunalm64"]
[Black "verrbaa"]
[Result "1-0"]
[WhiteElo "2629"]
[BlackElo "2482"]
[TimeControl "180+1"]
[EndTime "9:24:24 PDT"]
[Termination "Kunalm64 won on time"]

1. e4 c5 2. Nf3 e6 3. g3 Nc6 4. Bg2 Nf6 5. Qe2 d5 6. exd5 Nxd5 7. O-O Be7 8. Nc3 O-O 9. Rd1 Nxc3 10.
dxc3 Qb6 11. Ne5 Nxe5 12. Qxe5 f6 13. Qe2 e5 14. Bd5+ Be6 15. Qc4 Bxd5 16. Rxd5 Kh8 17.
b3 Qc6 18. Be3 b5 19. Qe4 Rac8 20. c4 f5 21. Qd3 e4 22. Qe2 b4 23. Rad1 a5 24.
Qh5 Qe6 25. h4 a4 26. Rd7 axb3 27.
axb3 Bf6 28. R1d6 Qe5 29. Kg2 Qc3 30. Rf7 Rxf7 31. Qxf7 Qxc2 32. Rxf6 gxf6 33. Qxf6+ Kg8 34. Qe6+ Kg7 35. Bh6+ 1-0

[Event "Early-Titled-Tuesday-Blitz-March-26-2024"]
[Site "Chess.com"]
[Date "2024.03.26"]
[Round "8"]
[White "alekroth65"]
[Black "MikeSailer"]
[Result "1-0"]
[WhiteElo "2389"]
[BlackElo "2092"]
[TimeControl "180+1"]
[EndTime "9:24:25 PDT"]
[Termination "alekroth65 won on time"]

1. d4 d5 2. c4 Bf5 3. cxd5 Bxb1 4. Qa4+ c6 5. Rxb1 Qxd5 6. f3 e5 7. dxe5 Na6 8. e4 Nc5 9. exd5 Nxa4 10. d6 f6 11. f4 g5 12. g3 gxf4 13. Bxf4 Nb6 14. e6 Nd5 15. e7 Bh6 16. Bxh6 Nxh6 17. Rd1 Kd7 18. Bg2 Kxd6 19. Ne2 Nf5 20. Bxd5 cxd5 21.
Nf4 Nxe7 22. Kf2 Rac8 23. Rhe1 Rc2+ 24. Kf3 Rhc8 25. Re6+ Kd7 26. Rxf6 Ke8 27. Re1 Rxb2 28. Nxd5 Rc3+ 29. Nxc3 1-0

[Event "Early-Titled-Tuesday-Blitz-March-26-2024"]
[Site "Chess.com"]
[Date "2024.03.26"]
[Round "8"]
[White "Aural1011"]
[Black "rionelG"]
[Result "0-1"]
[WhiteElo "1674"]
[BlackElo "2205"]
[TimeControl "180+1"]
[EndTime "9:24:25 PDT"]
[Termination "rionelG won on time"]

1. d4 d5 2. c4 e6 3. Nc3 Nf6 4.
cxd5 exd5 5. Bg5 c6 6. Nf3 Be7 7. Qc2 O-O 8. e3 h6 9. Bh4 Ne4 10. Bxe7 Qxe7 11. Nxe4 dxe4 12. Ne5 Nd7 13. Nxd7 Bxd7 14.
a3 Rac8 15. Bc4 c5 16. Qb3 cxd4 17. exd4 b5 18. Bd5 Qf6 19. O-O Qxd4 20. Rad1 Qe5 21. Rfe1 Bf5 22. f3 e3 23. Rxe3 Qf6 24. Rde1 Rc2 25.
Re8 Rxe8 26. Rxe8+ Kh7 27. Bxf7 Qd4+ 28. Qe3 Qxb2 29.
Bg8+ Kh8 30. Bd5+ Kh7 31. Be4 Rc1+ 0-1

[Event "Early-Titled-Tuesday-Blitz-March-26-2024"]
[Site "Chess.com"]
[Date "2024.03.26"]
[Round "8"]
[White "DCacheiro"]
[Black "Josgar05"]
[Result "0-1"]
[WhiteElo "2488"]
[BlackElo "2371"]
[TimeControl "180+1"]
[EndTime "9:24:27 PDT"]
[Termination "Josgar05 won by checkmate"]

1. e4 g6 2. d4 Bg7 3. Nc3 c6 4.
Nf3 d5 5. e5 Nh6 6. Ne2 O-O 7.
Ng3 Nf5 8. Nxf5 Bxf5 9. h4 f6 10.
exf6 Bxf6 11. h5 Qd6 12. hxg6 Bxg6 13. Be2 Nd7 14. Bh6 Rf7 15. Qd2 e5 16. dxe5 Nxe5 17.
O-O-O Nxf3 18. Bxf3 Qe5 19. Qb4 a5 20. Qa3 b5 21.
Rhe1 b4 22. Qb3 Qf5 23. Rd2 Bh8 24. Rde2 Bg7 25. Re8+ Rxe8 26. Rxe8+ Rf8 27. Rxf8+ Kxf8 28. Bxg7+ Kxg7 29. a3 a4 30. Qxa4 bxa3 31. bxa3 Qf6 32. Qa7+ Kg8 33. Qb8+ Kg7 34. Qb2 d4 35. Qb7+ Kh6 36.
Qxc6 Qg5+ 37. Kb2 Qa5 38. Qd6 Qc3+ 39. Kb1 Qxc2+ 40. Ka1 Qb1# 0-1

[Event "Early-Titled-Tuesday-Blitz-March-26-2024"]
[Site "Chess.com"]
[Date "2024.03.26"]
[Round "8"]
[White "Mikhail_Golubev"]
[Black "Barmen_EV"]
[Result "0-1"]
[WhiteElo "2697"]
[BlackElo "2584"]
[TimeControl "180+1"]
[EndTime "9:24:30 PDT"]
[Termination "Barmen_EV won on time"]

1. e4 c5 2. Nf3 Nc6 3. Nc3 e5 4.
Bc4 Be7 5. d3 Nf6 6. Ng5 O-O 7.
h4 Na5 8. Nd5 Nxc4 9. Nxf6+ Bxf6 10. dxc4 d6 11. Qd3 h6 12. Nf3 Bg4 13. h5 b5 14.
cxb5 d5 15. Qxd5 Qa5+ 16. Bd2 Qxb5 17. Bc3 Rad8 18. Qb3 Qa6 19. a4 Qc6 20. Qc4 Bc8 21.
Nd2 Ba6 22. Qb3 Bg5 23. O-O-O Qxe4 24. Rhe1 Qxg2 25. Kb1 Qxf2 26. Rxe5 Bxd2 27. Bxd2 Rxd2 0-1

[Event "Early-Titled-Tuesday-Blitz-March-26-2024"]
[Site "Chess.com"]
[Date "2024.03.26"]
[Round "8"]
[White "bazar-wokzal"]
[Black "Korchmar_Vasiliy"]
[Result "1-0"]
[WhiteElo "2584"]
[BlackElo "2692"]
[TimeControl "180+1"]
[EndTime "9:24:30 PDT"]
[Termination "bazar-wokzal won on time"]

1. e4 c5 2. c3 d5 3. exd5 Nf6 4.
Bb5+ Nbd7 5. c4 a6 6. Bxd7+ Bxd7 7. Nc3 e6 8. Qe2 Bd6 9. Nf3 O-O 10. dxe6 fxe6 11. O-O Qc7 12. d3 Bc6 13. Ne4 Nxe4 14. dxe4 h6 15. Bd2 Rf7 16. Rad1 Raf8 17. Bc3 b5 18. b3 Bf4 19. Rd3 bxc4 20. bxc4 Qb7 21.
Re1 Bb8 22. Ne5 Rxf2 23. Qxf2 Rxf2 24. Kxf2 Bxe4 25. Rd7 Qc8 26. Red1 Bc7 27. Ng4 e5 28. Nxe5 Bf5 29. Re7 Kh7 30. Nf3 1-0

[Event "Early-Titled-Tuesday-Blitz-March-26-2024"]
[Site "Chess.com"]
[Date "2024.03.26"]
[Round "8"]
[White "HanSchut"]
[Black "Statham_01"]
[Result "0-1"]
[WhiteElo "2288"]
[BlackElo "2578"]
[TimeControl "180+1"]
[EndTime "9:24:31 PDT"]
[Termination "Statham_01 won by resignation"]

1. e4 e5 2. Nf3 Nf6 3. Bc4 Nxe4 4.
Nc3 Nxc3 5. dxc3 f6 6. Nh4 g6 7.
f4 Qe7 8. f5 g5 9. Qh5+ Kd8 10.
Ng6 hxg6 11. Qxh8 gxf5 12. O-O d6 13. Be3 c6 14. Rad1 Kc7 15. Bg8 f4 16. Bf2 Bg4 17. Rd2 Nd7 18. Qh7 Qxh7 19. Bxh7 Be6 20. b3 Be7 21. c4 f5 22. Bg6 g4 23. h3 Rg8 24.
Bh7 Rg7 25. hxg4 Rxh7 26. gxf5 Bxf5 27. a4 Nf6 28. Bxa7 Ne4 29. Re2 Ng3 30. Rfe1 Nxe2+ 31. Rxe2 c5 32. a5 Rg7 33. Kf1 Bh4 34. Bb6+ Kc6 35. c3 f3 36. gxf3 Bh3+ 0-1